AoeStats
← サンテアゴ

Arena

509582576Analyzed
4v4 RM · 6d ago on Sep 27, 2026· 35m 47s· 8 players
Game mode
Random Map
Map size
Large (8 player)
Population
200
Speed
Normal
Resources
Standard
Victory
Conquest
Starting age
Dark Age
Ending age
Imperial Age
RankedLock teamsTeams togetherTeam positionsShared explorationLock speedFull tech treeHidden civsTurbo modeCheats
Victory
Defeat
🇮🇩 Persians · Indonesia
1035
+10
🇧🇷 Poles · Brazil
1017
+11
🇯🇵 Berbers · Japan
958
+13
🇨🇳 Khmer · China
905
+15
🇷🇺 Saxons · Russia
966
-14
🇸🇲 Romans · San Marino
930
-14
🇹🇷 Portuguese · Türkiye
859
-11
🇩🇪 Hindustanis · Germany
848
-10
AxBy94
8:18 Loom
10:40 Feudal Age
11:03 Horse Collar
11:10 Double-Bit Axe
12:31 Wheelbarrow
14:57 Scale Mail Armor
19:00 Castle Age
17:43 Man-at-Arms
19:46 Forging
19:59 Heavy Plow
20:21 Hand Cart
20:55 Long Swordsman
31:22 Chain Mail Armor
35:34 Imperial Age
33:26 Bow Saw
34:07 Pikeman
Dx
9:35 Feudal Age
15:45 Castle Age
22:51 Fletching
24:53 Padded Archer Armor
24:52 Bodkin Arrow
26:40 Leather Archer Armor
27:05 Wheelbarrow
26:20 Double-Bit Axe
26:18 Horse Collar
28:58 Heavy Plow
30:58 Bow Saw
31:06 Hand Cart
34:24 Pikeman
35:06 Scale Mail Armor
37:46 Imperial Age
37:56 Imperial Age
GRIBYCH59
7:21 Loom
10:35 Feudal Age
15:17 Castle Age
13:42 Gold Mining
13:44 Double-Bit Axe
13:52 Horse Collar
23:26 Wheelbarrow
23:01 Arson
24:10 Bow Saw
24:38 Stone Mining
25:50 Heavy Plow
26:22 Forging
26:13 Scale Mail Armor
27:09 Hand Cart
26:41 Town Watch
29:31 Caravan
30:50 Iron Casting
30:30 Chain Mail Armor
33:53 Imperial Age
31:28 Gold Mining
33:06 Pikeman
33:47 Squires
34:22 Shield Wall
35:23 Conscription
35:38 Plate Mail Armor
34:44 Capped Ram
35:08 Halberdier
cagrierdemir
13:08 Feudal Age
13:34 Double-Bit Axe
19:48 Castle Age
18:50 Fletching
22:59 Scale Barding Armor
23:23 Bow Saw
23:24 Horse Collar
24:03 Forging
23:50 Bodkin Arrow
26:24 Elite Skirmisher
30:09 Husbandry
31:47 Ballistics
31:22 Pikeman
32:37 Squires
35:12 Scale Mail Armor
M1rc0ss_
0:37 Loom
12:34 Feudal Age
18:18 Castle Age
16:06 Double-Bit Axe
16:23 Horse Collar
20:07 Bow Saw
20:03 Heavy Plow
24:43 Wheelbarrow
24:52 Gold Mining
26:10 Stone Mining
27:32 Hand Cart
32:04 Imperial Age
30:06 Szlachta Privileges
30:39 Forging
30:35 Scale Barding Armor
31:47 Husbandry
31:58 Bloodlines
31:08 Light Cavalry
32:27 Iron Casting
32:02 Town Watch
32:42 Chain Barding Armor
32:10 Cavalier
32:18 Winged Hussar
34:58 Chemistry
33:54 Murder Holes
34:10 Fortified Wall
35:24 Blast Furnace
サンテアゴ
12:06 Feudal Age
15:39 Castle Age
14:05 Double-Bit Axe
14:10 Horse Collar
14:26 Loom
15:00 Stone Mining
17:43 Fletching
24:08 Bow Saw
25:39 Wheelbarrow
27:55 Bodkin Arrow
34:19 Imperial Age
32:19 Hand Cart
32:22 Gold Mining
33:10 Stone Shaft Mining
34:06 Gold Shaft Mining
33:34 Heavy Plow
34:30 Kasbah
35:31 Bloodlines
35:21 Husbandry
35:50 Conscription
35:31 Maghrebi Camels
36:41 Chemistry
36:01 Ballistics
35:39 Murder Holes
35:26 Elite Camel Archer
1416484493
11:52 Feudal Age
14:39 Castle Age
12:38 Double-Bit Axe
12:49 Horse Collar
14:55 Wheelbarrow
15:54 Bow Saw
16:23 Heavy Plow
22:51 Gold Mining
24:15 Gold Shaft Mining
24:30 Hand Cart
24:49 Stone Mining
25:20 Forging
25:16 Scale Barding Armor
29:10 Imperial Age
27:10 Loom
28:44 Iron Casting
28:30 Chain Barding Armor
29:41 Bloodlines
29:31 Husbandry
29:38 Tusk Swords
29:12 Elite Battle Elephant
30:54 Crop Rotation
31:05 Light Cavalry
33:24 Conscription
33:47 Plate Barding Armor
34:13 Blast Furnace
33:50 Hussar
MrTomatoChips
10:43 Feudal Age
14:31 Castle Age
12:45 Double-Bit Axe
12:58 Horse Collar
21:53 Man-at-Arms
25:28 Bow Saw
25:07 Long Swordsman
26:14 Heavy Plow
27:15 Squires
28:03 Forging
29:06 Gold Mining
29:33 Crossbowman
31:01 Gold Shaft Mining
30:19 Stone Mining
34:00 Imperial Age
32:14 Ballistics
31:46 Loom
32:36 Wheelbarrow
31:46 Town Watch
32:59 Thumb Ring
33:14 Town Watch
34:04 Cavalier
34:44 Husbandry
34:54 Bloodlines
35:11 Masonry
35:00 Murder Holes
35:30 Hand Cart
35:15 Town Patrol
36:19 Iron Casting
35:49 Scale Barding Armor
35:33 Arson
35:33 Gambesons
36:21 Citadels
Connection lost

Rejoining the realm…

Still unreachable

The connection could not be restored.

Session expired

The server has moved on; the page needs a fresh start.